lillith, chaotic female human Rogue ------------- ##............|# # |...........-# ### |...........|# --------- # |...........|###########` |.......| ----.- ### ------------- # -|--- ##........| |....| # ### |..<| # |(......| |oGoG|### # |...| ### --------- |GokG|# ### |...| # |hGko|# # |....## |@hG..# ###|...| |...\| #|...| ------ --|-- # lillith the Cutpurse Experience level: 5 Strength: 13 Dexterity: 18 Constitution: 15 Intelligence: 9 Wisdom: 11 Charisma: 12 Health: 0(39) Energy: 20(20) Def: 3 Gold: 23 Moves: 2160 Dungeon seed: OfHRXaxDUh4uNHzt Game ID: lillith_1520134836 Your Inventory: Coins $ - 23 gold pieces Weapons a - an uncursed +0 dagger named Biter (weapon in hand) b - 11 uncursed +0 daggers (in quiver) v - a blessed +0 orcish dagger C - 5 uncursed +0 daggers F - an uncursed +1 orcish dagger G - an uncursed +0 orcish dagger Armor e - an uncursed +1 leather armor (being worn) q - an uncursed +0 orcish helm Comestibles E - an uncursed candy bar Wands t - an uncursed wand of sleep (0:6) Tools k - an uncursed lock pick B - an uncursed sack Gems n - an uncursed worthless piece of black glass Contents of the sack: 213 gold pieces an uncursed amulet of ESP an uncursed +0 short sword an uncursed scroll of destroy armor an uncursed scroll of fire a blessed scroll of genocide an uncursed scroll of magic mapping a blessed scroll of punishment a cursed scroll of remove curse an uncursed spellbook of blank paper a blessed potion of extra healing an uncursed potion of polymorph an uncursed potion of restore ability an uncursed potion of sickness an uncursed potion of speed an uncursed wand of undead turning (0:2) Spells and supernatural/magical abilities: Name Level Category Fail Memory W - pray for help -- divine ? -- Your skills at the end: Fighting Skills Weapon Skills dagger [Basic] short sword [Basic] Spellcasting Skills Final Attributes: You were piously aligned. You were stealthy. You were lucky. You are dead. Vanquished creatures: a leprechaun a bugbear a shrieker a gnome lord an elf zombie 2 giant ants a little dog a kitten a giant bat 2 iguanas an acid blob 2 hobgoblins 2 giant rats a yellow mold a gnome a gnome zombie 6 geckos 9 jackals 3 foxes 4 goblins 12 grid bugs 5 bats 2 lichens 2 kobold zombies 3 newts 66 creatures vanquished. Voluntary challenges: You used a wielded weapon 92 times, starting on turn 136. You read items or engraved 55 times, starting on turn 987. You never genocided any monsters. You never polymorphed an object. You never changed form. You used no wishes. You never split a pudding. You wrote Elbereth's name 53 times, starting on turn 987. You never violated your personal moral code. Dungeon overview: The Dungeons of Doom: levels 1 to 6 Level 1 a fountain a long staircase Level 2 a fountain, a sink Level 3 Level 4 an altar to Kos, a fountain Level 5 a scroll shop, a fountain Level 6 <- You were here a throne History has recorded: On T:1 you entered the Dungeons of Doom to retrieve the Amulet of Yendor! On T:214 you reached level 2 of The Dungeons of Doom. On T:349 you advanced to experience level 2. On T:664 you advanced to experience level 3. On T:786 you reached level 3 of The Dungeons of Doom. On T:916 you reached level 4 of The Dungeons of Doom. On T:1073 you advanced to experience level 4. On T:1653 you advanced to experience level 5. On T:1721 you reached level 5 of The Dungeons of Doom. On T:1786 you reached level 6 of The Dungeons of Doom. Score breakdown: Gold: 236 ( 8078 points) Experience: 5 levels (11141 points) Exploration: 6 levels ( 13.33%) (10112 points) Discoveries: 1 item ( 0.34%) ( 1737 points) Valuables value: (no points given unless you survive) Artifact value: 0 ( 0 points) Variety of kills: 25 monsters ( 6.56%) ( 7684 points) Turncount: 2160 turns ( -114 points) Survival: died (score multiplied by 80%) Total score: 30910 Latest messages: Blecch! Rotten food! You finish eating the goblin corpse. There are a few objects here. G - a crude dagger. q - an iron skull cap. You kill the hobgoblin! You hit the gnome. You kill the gnome! You see here 5 daggers. You hit the bugbear. The bugbear hits! You miss the bugbear. The bugbear hits! You hit the bugbear. The bugbear hits! You miss the bugbear. You hit the bugbear. The bugbear hits! You write in the dust with your fingers. The bugbear hits! You die... Final status: Goodbye lillith the Rogue, killed by a bugbear... You died in The Dungeons of Doom on dungeon level 6 with 30910 points, and 236 pieces of gold, after 2160 moves. You were level 5 with a maximum of 39 hit points when you died.